Map: Ley Lines

Players

Killa - Winner!

  • Race: Protoss Protoss
  • League: Master
  • Spawn Location: 7:00

A.I. 2 (Very Easy)

  • Race: Zerg Zerg
  • Spawn Location: 1:00

VOD

Have the link to the VOD?

Description

Time

  • Played on: July 3, 2025, 4:23 a.m.
  • Length: 10:07
Show
View Real Time Build Order
Export as new Build Order

Killa Protoss - Winner!

Build Orders: 1 Gate Expand, Oracle Opening, Archon Immortal, Archon Drop 

Get SALT Encoding   

  12  0:00  Probe  
  13  0:12  Probe  
  14  0:19  Pylon  
  14  0:24  Probe  
  15  0:35  Probe  
  15  0:39  Gateway  
  16  0:43  Probe  
  16  0:49  Assimilator  
  17  0:51  Probe  
  18  1:03  Probe  
  19  1:15  Probe  
  20  1:23  Nexus  
  20  1:34  Cybernetics Core  
  20  1:37  Probe  
  21  1:42  Assimilator  
  21  1:49  Probe  
  21  1:52  Pylon  
  22  2:01  Probe, Adept  
  23  2:13  Probe  
  26  2:16  Stargate  
  26  2:25  Probe, Warp Gate  
  27  2:33  Probe  
  27  2:34  Probe  
  28  2:39  Adept  
  28  2:41  Probe  
  28  2:42  Probe  
  31  2:49  Probe  
  33  2:52  Probe  
  35  3:01  Probe  
  35  3:02  Oracle  
  35  3:04  Probe  
  40  3:09  Adept  
  42  3:13  Probe  
  42  3:17  Probe, Pylon  
  44  3:25  Probe  
  45  3:29  Probe, Twilight Council  
  46  3:37  Probe, Gateway  
  47  3:41  Probe  
  47  3:46  Robotics Facility  
  48  3:49  Probe  
  48  3:51  Assimilator x2  
  48  3:53  Probe  
  50  4:02  Probe  
  51  4:05  Probe  
  51  4:08  Pylon  
  52  4:14  Probe  
  53  4:17  Probe  
  53  4:20  Templar Archives  
  53  4:22  Gateway  
  54  4:25  Gateway  
  54  4:30  Probe x2  
  56  4:32  Warp Prism  
  56  4:36  Pylon  
  60  4:47  Pylon  
  58  4:52  Nexus  
  58  4:56  Shield Battery  
  58  4:58  Probe x2  
  60  5:05  High Templar x2  
  60  5:06  Probe x2  
  64  5:12  Archon  
  64  5:14  Probe x2  
  66  5:18  High Templar  
  66  5:19  High Templar  
  72  5:23  Immortal  
  72  5:24  Probe  
  72  5:26  Archon  
  72  5:27  Probe  
  78  5:43  Forge  
  78  5:45  Gateway  
  78  5:47  Gateway  
  78  5:49  Charge  
  78  5:52  Gateway  
  78  5:53  Gateway  
  78  5:57  Robotics Facility  
  78  6:03  Probe  
  78  6:04  Probe, Psionic Storm  
  78  6:06  Observer  
  78  6:10  Probe  
  81  6:11  Probe  
  81  6:12  Probe  
  81  6:18  Probe  
  84  6:22  Assimilator  
  84  6:25  Immortal  
  89  6:26  Pylon, Assimilator  
  89  6:27  Probe x2  
  89  6:28  Protoss Ground Weapons Level 1  
  89  6:30  High Templar  
  93  6:44  Probe x3  
  96  6:50  High Templar  
  96  6:54  Pylon  
  98  6:55  Pylon  
  98  6:56  Probe, Pylon  
  99  7:02  Immortal  
  99  7:05  High Templar  
  99  7:06  Immortal  
  101  7:12  Probe x3  
  101  7:15  Pylon x2  
  108  7:21  Pylon, High Templar  
  108  7:22  Pylon, Zealot x5  
  124  7:35  Immortal  
  124  7:37  High Templar  
  124  7:39  High Templar  
  128  7:45  Immortal  
  136  7:54  Zealot x6  
  136  7:56  Probe  
  149  8:01  Pylon x2  
  149  8:04  Probe  
  149  8:05  Probe  
  151  8:15  Immortal  
  151  8:17  Zealot  
  157  8:20  Immortal  
  157  8:21  Pylon  
  157  8:23  Pylon  
  161  8:31  Nexus  
  161  8:32  Pylon  
  161  8:34  Stalker  
  161  8:38  Zealot x4  
  171  8:45  Zealot x3  
  171  9:05  Zealot x8  
  171  9:06  Immortal  
  171  9:07  Immortal  
  195  9:36  Probe x2  
  197  9:42  Stargate  
  197  9:44  Fleet Beacon  
  197  9:51  Assimilator  
  197  9:53  Shield Battery, High Templar  
  197  9:54  Pylon  
  197  9:56  Photon Cannon, Assimilator  
  197  9:59  Photon Cannon  
Show
View Real Time Build Order
Export as new Build Order

A.I. 2 (Very Easy) Zerg 

Build Orders: Pool First 

Get SALT Encoding   

  12  0:01  Drone  
  13  0:13  Overlord  
  13  0:16  Drone  
  14  0:35  Spawning Pool  
  14  0:37  Extractor  
  14  0:40  Drone  
  13  0:47  Drone  
  14  0:52  Overlord  
  14  1:22  Zergling x2, Queen  
  17  1:33  Roach Warren  
  17  1:36  Drone  
  17  1:40  Extractor  
  17  1:44  Drone  
  17  1:47  Zergling x2  
  18  2:03  Drone  
  19  2:10  Drone  
  19  2:12  Zergling x2  
  21  2:19  Drone  
  22  2:29  Overlord  
  22  2:31  Drone  
  23  2:37  Roach  
  23  2:38  Drone  
  26  2:46  Drone  
  27  7:02  Drone, Lair  
  28  7:09  Drone  
  28  7:10  Hatchery  
  28  7:16  Drone  
  29  7:23  Drone  
  30  7:40  Roach  
  27  8:02  Overseer  
  27  8:03  Overseer  
  27  8:23  Drone, Zergling x2  
  29  8:30  Drone  
  29  8:33  Extractor  
  29  8:34  Extractor  
  29  8:37  Drone  
  29  8:44  Drone  
  30  8:51  Drone  
  31  8:59  Drone  
  32  9:03  Zergling x2  
  32  9:04  Overlord  
  32  9:06  Drone  
  30  9:13  Drone  
  30  9:17  Queen  
  21  9:21  Drone  
  18  9:28  Drone  
  10  9:32  Roach  
  10  9:35  Drone  
  6  9:42  Drone  
  6  9:50  Drone  
Tags
 
Add a new tag
Caveats
  • Supply blocks, unpowered buildings, or Contaminate may cause inaccurate times.
  • Supply counts are checked every 10 seconds.